 Dungeon Crawl Stone Soup version 0.21.1-1-g345015f (webtiles) character file.

133 tidbits the Digger (level 5, -1/37 HPs)
             Began as a Gnoll Earth Elementalist on June 26, 2018.
             Slain by an ogre
             ... wielding a +0 giant spiked club
              (26 damage)
             ... on level 5 of the Dungeon.
             The game lasted 00:03:00 (412 turns).

tidbits the Digger (Gnoll Earth Elementalist)        Turns: 412, Time: 00:03:01

Health: -1/37      AC:  2    Str: 10    XL:     5   Next: 16%
Magic:  1/12       EV: 15    Int: 18    God:
Gold:   89         SH:  0    Dex: 16    Spells: 11/14 levels left

rFire    . . .     SeeInvis .   a - +0 trident
rCold    . . .     Gourm    .   (no shield)
rNeg     . . .     Faith    .   d - +0 robe
rPois    .         Spirit   .   (no helmet)
rElec    .         Reflect  .   (no cloak)
rCorr    .         Harm     .   (no gloves)
MR       .....                  (no boots)
Stlth    ++++......             (no amulet)
HPRegen  0.12/turn              f - ring of stealth
MPRegen  0.13/turn              (no ring)

@: no status effects
A: distributed training, fangs 1, strong nose
a: no special abilities


You were on level 5 of the Dungeon.
You were not hungry.

You visited 1 branch of the dungeon, and saw 5 of its levels.

You collected 89 gold pieces.

Inventory:

Hand Weapons
 a - a +0 trident (weapon)
 h - a +0 club
Missiles
 b - 61 stones (quivered)
Armour
 d - a +0 robe (worn)
Jewellery
 f - a ring of stealth (left hand)
   (You found it on level 1 of the Dungeon)
Scrolls
 g - a scroll of magic mapping {unknown}
 i - a scroll of fog {unknown}
Potions
 j - a potion of lignification
 k - a potion of curing {unknown}
 l - a potion of heal wounds {unknown}
Books
 e - a book of Geomancy

   Spells                             Type                      Level
   a - Sandblast                      Earth                        1
   b - Passwall                       Transmutation/Earth          2
   c - Stone Arrow                    Conjuration/Earth            3
   d - Petrify                        Transmutation/Earth          4
   e - Lee's Rapid Deconstruction     Earth                        5
Comestibles
 c - 2 rations


   Skills:
 + Level 1.3 Fighting
 + Level 1.3 Short Blades
 + Level 1.3 Long Blades
 + Level 1.3 Axes
 + Level 1.3 Maces & Flails
 + Level 1.3 Polearms
 + Level 1.3 Staves
 + Level 1.3 Slings
 + Level 1.3 Bows
 + Level 1.3 Crossbows
 + Level 1.3 Throwing
 + Level 1.3 Armour
 + Level 4.7 Dodging
 + Level 4.3 Stealth
 + Level 1.3 Shields
 + Level 1.3 Unarmed Combat
 + Level 5.1 Spellcasting
 + Level 1.1 Conjurations
 + Level 1.1 Hexes
 + Level 1.1 Charms
 + Level 1.1 Summonings
 + Level 1.1 Necromancy
 + Level 1.1 Translocations
 + Level 2.3 Transmutations
 + Level 1.1 Fire Magic
 + Level 1.1 Ice Magic
 + Level 1.1 Air Magic
 + Level 5.5 Earth Magic
 + Level 1.1 Poison Magic
 + Level 1.5 Invocations
 + Level 1.3 Evocations


You had 11 spell levels left.
You knew the following spells:

 Your Spells              Type           Power        Failure   Level  Hunger
a - Sandblast             Erth           ###...       1%          1    None
p - Passwall              Tmut/Erth      ###.......   3%          2    #......


Dungeon Overview and Level Annotations

Branches:
Dungeon (5/15)
 Temple: D:4-7

Altars:


Innate Abilities, Weirdness & Mutations

Your experience applies equally to all skills.
You have very sharp teeth.
Your uncanny sense of smell can sniff out nearby items.


Message History

Items here: ) [ †† a hand axe; a leather armour; an orc corpse; a worker ant corpse
Things that are here:
a trident; an orc corpse
k - a trident Wield which item (- for none, * to show all)? (? for menu, Esc to quit)
k - a +0 trident (weapon)
Items here: ) [ †† a hand axe; a leather armour; an orc corpse; a worker ant corpse Adjust (i)tems, (s)pells, or (a)bilities?
Adjust which item? (? for menu, Esc to quit)
k - a +0 trident (weapon)
Adjust to which letter? (? for menu, Esc to quit)
a - a +0 trident (weapon);
k - a ruby potion
Things that are here:
a club; a gnoll corpse You see here a lumpy black potion.
l - a lumpy black potion
Found a hand axe.
A scorpion comes into view.
You see here a hand axe.
Casting: Sandblast
Confirm with . or Enter, or press ? or * to list all spells.
Aiming: Sandblast
Press: ? - help, Shift-Dir - straight line, f - scorpion
Aim: a scorpion (hasn't noticed you)
The blast of sand hits the scorpion.
The scorpion is moderately wounded.
b - 65 stones The scorpion closely misses you.
Casting: Sandblast
Confirm with . or Enter, or press ? or * to list all spells.
Aiming: Sandblast
Press: ? - help, Shift-Dir - straight line, f/p - scorpion
Aim: a scorpion (moderately wounded)
The blast of sand hits the scorpion.
You kill the scorpion!
Your Conjurations skill increases to level 1!
Your Hexes skill increases to level 1!
Your Charms skill increases to level 1!
Your Summonings skill increases to level 1!
Your Necromancy skill increases to level 1!
Your Translocations skill increases to level 1!
Your Fire Magic skill increases to level 1!
Your Ice Magic skill increases to level 1!
Your Air Magic skill increases to level 1!
Your Poison Magic skill increases to level 1!
You have reached level 5!
b - 64 stones
Found 24 gold pieces.
You see here a scorpion corpse.
You see here 24 gold pieces.
You now have 89 gold pieces (gained 24).
Casting: Sandblast
Confirm with . or Enter, or press ? or * to list all spells.
Which direction?
You begin to meditate on the wall.
You continue meditating on the rock. x2
You finish merging with the rock.
You climb downwards.
There is a stone staircase leading up here.
Unknown command.
Unknown command.
As you open the door, it creaks loudly!
An ogre comes into view. It is wielding a giant spiked club.
There is an open door here.
Casting: Passwall
Confirm with . or Enter, or press ? or * to list all spells.
Aiming: Sandblast
Press: ? - help, Shift-Dir - straight line, f - ogre
Aim: an ogre, wielding a giant spiked club The blast of sand hits the ogre.
The ogre is lightly wounded.
b - 63 stones
Casting: Sandblast
Confirm with . or Enter, or press ? or * to list all spells.
Aiming: Sandblast
Press: ? - help, Shift-Dir - straight line, f/p - ogre
Aim: an ogre, wielding a giant spiked club (lightly wounded)
The blast of sand hits the ogre.
The ogre is lightly wounded.
b - 62 stones The ogre misses you.
Casting: Sandblast
Confirm with . or Enter, or press ? or * to list all spells.
Aiming: Sandblast
Press: ? - help, Shift-Dir - straight line, f/p - ogre
Aim: an ogre, wielding a giant spiked club (lightly wounded)
The blast of sand hits the ogre.
The ogre is lightly wounded.
b - 61 stones You hit the ogre but do no damage.
You bite the ogre, but do no damage.
The ogre is lightly wounded.
The ogre hits you with a giant spiked club.
You hit the ogre but do no damage.
The ogre is lightly wounded.
The ogre misses you.
You hit the ogre.
The ogre is moderately wounded.
The ogre hits you with a giant spiked club!!
Ouch! That really hurt!
You die...

.# ##+# .# .#...#
#.# #.....# ##.#
.......## ##..#
........####...##
......O@'.......#
........####...##
.......## ##..#
#.....# ##.#
##...# #.### ##+#
#.<.# ###.# .# .#


You could see an ogre.

Vanquished Creatures
  A scorpion (D:4)
  A hound (D:4)
  A worker ant (D:4)
  A gnoll (D:4)
  2 dart slugs (D:1)
  2 orcs (D:4)
  A ball python (D:4)
  A giant cockroach (D:1)
  A goblin (D:3)
  2 hobgoblins
  A bat (D:1)
  2 kobolds (D:2)
16 creatures vanquished.

Notes
Turn   | Place    | Note
-------+----------+-------------------------------------------
     0 | D:1      | tidbits the Gnoll Earth Elementalist began the quest for the Orb.
     0 | D:1      | Reached XP level 1. HP: 13/13 MP: 6/6
   135 | D:1      | Reached skill level 2 in Transmutations
   178 | D:1      | Reached XP level 2. HP: 19/19 MP: 3/7
   182 | D:1      | Learned a level 2 spell: Passwall
   329 | D:4      | Reached skill level 5 in Spellcasting
   329 | D:4      | Reached XP level 3. HP: 22/25 MP: 2/9
   341 | D:4      | Reached skill level 1 in Fighting
   341 | D:4      | Reached skill level 1 in Short Blades
   341 | D:4      | Reached skill level 1 in Long Blades
   341 | D:4      | Reached skill level 1 in Axes
   341 | D:4      | Reached skill level 1 in Maces & Flails
   341 | D:4      | Reached skill level 1 in Polearms
   341 | D:4      | Reached skill level 1 in Staves
   341 | D:4      | Reached skill level 1 in Slings
   341 | D:4      | Reached skill level 1 in Bows
   341 | D:4      | Reached skill level 1 in Crossbows
   341 | D:4      | Reached skill level 1 in Throwing
   341 | D:4      | Reached skill level 1 in Armour
   341 | D:4      | Reached skill level 1 in Shields
   341 | D:4      | Reached skill level 1 in Unarmed Combat
   341 | D:4      | Reached skill level 1 in Invocations
   341 | D:4      | Reached skill level 1 in Evocations
   341 | D:4      | Reached XP level 4. HP: 32/32 MP: 0/11
   377 | D:4      | Reached skill level 1 in Conjurations
   377 | D:4      | Reached skill level 1 in Hexes
   377 | D:4      | Reached skill level 1 in Charms
   377 | D:4      | Reached skill level 1 in Summonings
   377 | D:4      | Reached skill level 1 in Necromancy
   377 | D:4      | Reached skill level 1 in Translocations
   377 | D:4      | Reached skill level 1 in Fire Magic
   377 | D:4      | Reached skill level 1 in Ice Magic
   377 | D:4      | Reached skill level 1 in Air Magic
   377 | D:4      | Reached skill level 1 in Poison Magic
   377 | D:4      | Reached XP level 5. HP: 25/37 MP: 1/12
   396 | D:5      | Entered Level 5 of the Dungeon
   404 | D:5      | Noticed an ogre
   412 | D:5      | Slain by an ogre

Skill      XL: |  1  2  3  4 |
---------------+-------------+-----
Transmutations | 2 |  2.3
Spellcasting   | 5 |  5.1
Fighting       | 1 |  1.3
Short Blades   | 1 |  1.3
Long Blades    | 1 |  1.3
Axes           | 1 |  1.3
Maces & Flails | 1 |  1.3
Polearms       | 1 |  1.3
Staves         | 1 |  1.3
Slings         | 1 |  1.3
Bows           | 1 |  1.3
Crossbows      | 1 |  1.3
Throwing       | 1 |  1.3
Armour         | 1 |  1.3
Shields        | 1 |  1.3
Unarmed Combat | 1 |  1.3
Invocations    | 1 |  1.5
Evocations     | 1 |  1.3
Conjurations   | 1 |  1.1
Hexes          | 1 |  1.1
Charms         | 1 |  1.1
Summonings     | 1 |  1.1
Necromancy     | 1 |  1.1
Translocations | 1 |  1.1
Fire Magic     | 1 |  1.1
Ice Magic      | 1 |  1.1
Air Magic      | 1 |  1.1
Poison Magic   | 1 |  1.1
Dodging        | |  4.7
Stealth        | |  4.3
Earth Magic    | |  5.5

Action                   |  1- 3 |  4- 6 || total
-------------------------+-------+-------++-------
Melee: Unarmed           |     4 |     6 ||    10
       Trident           |       |     3 ||     3
       Bite              |       |     1 ||     1
 Cast: Sandblast         |    21 |     7 ||    28
       Passwall          |     2 |     1 ||     3
  Use: Potion            |     1 |       ||     1
Armor: Skin              |     8 |    16 ||    24
Dodge: Dodged            |     2 |     6 ||     8

Table legend:
 A = Turns spent in this place as a percentage of turns spent in the entire game.
 B = Non-inter-level travel turns spent in this place as a percentage of non-inter-level travel turns spent in the entire game.
 C = Inter-level travel turns spent in this place as a percentage of turns spent in this place.
 D = Turns resting spent in this place as a percentage of non-inter-level travel turns spent in this place.
 E = Turns spent auto-exploring this place as a percentage of non-inter-level travel turns spent in this place.
 F = Non-inter-level travel turns spent in this place divided by the number of levels of this place that you've seen.
                   A       B       C       D       E      F
               +-------+-------+-------+-------+-------+----------------------
         Total | 100.0 | 100.0 |   0.0 |   0.0 |   0.0 |  82.4
       Dungeon | 100.0 | 100.0 |   0.0 |   0.0 |   0.0 |  82.4
               +-------+-------+-------+-------+-------+----------------------

Table legend:
 A = Kills in this place as a percentage of kills in entire the game.
 B = Kills by you in this place as a percentage of kills by you in the entire game.
 C = Kills by friends in this place as a percentage of kills by friends in the entire game.
 D = Other kills in this place as a percentage of other kills in the entire game.
 E = Experience gained in this place as a percentage of experience gained in the entire game.
 F = Experience gained in this place divided by the number of levels of this place that you have seen.
                   A       B       C       D       E      F
               +-------+-------+-------+-------+-------+----------------------
         Total | 100.0 | 100.0 |   N/A |   N/A | 100.0 |  38.0
       Dungeon | 100.0 | 100.0 |   N/A |   N/A | 100.0 |  38.0
               +-------+-------+-------+-------+-------+----------------------

Vault maps used:
D:1:      eino_arrival_cavern_b
D:2:      fedhas_altar_3, wad_orctagon
D:3:      kennysheep_boxes, uniq_natasha
D:4:      minmay_diamond_boxcup, nicolae_overflow_hidden_temple,
          marbit_many_paths, lightli_temple_of_fire, minmay_bent, uniq_duvessa
D:5:      kennysheep_ying_yang, kennysheep_mini_moat, minmay_temple_entry_hall,
          first_ration, kennysheep_flooded_box, corexii_leaking_fountain,
          minmay_item_behind_shaft, uniq_sigmund
